 Dungeon Crawl Stone Soup version 0.21.1-1-g345015fe64 (webtiles) character file.

111 KleinerIrrer the Chopper (level 4, 0/28 HPs)
             Began as a Gargoyle Fighter on Apr 4, 2018.
             Slain by Purgy (1 damage)
             ... on level 3 of the Dungeon.
             The game lasted 00:00:36 (2257 turns).

KleinerIrrer the Chopper (Gargoyle Fighter)         Turns: 2257, Time: 00:00:36

Health: 0/28       AC: 10    Str: 21    XL:     4   Next: 92%
Magic:  4/4        EV:  7    Int:  8    God:
Gold:   122        SH:  9    Dex:  9    Spells: 3/3 levels left

rFire    . . .     SeeInvis .   Y - +1 war axe
rCold    . . .     Gourm    .   c - +0 shield
rNeg     + . .     Faith    .   b - +0 scale mail
rPois    ∞         Spirit   .   (no helmet)
rElec    +         Reflect  .   (no cloak)
rCorr    .         Harm     .   (no gloves)
MR       .....                  (no boots)
Stlth    ..........             (no amulet)
HPRegen  0.09/turn              (no ring)
MPRegen  0.09/turn              (no ring)

@: no status effects
A: negative energy resistance 1, electricity resistance, unbreathing,
petrification resistance, rot immunity, AC +3
a: no special abilities


You were on level 3 of the Dungeon.
You were not hungry.

You visited 1 branch of the dungeon, and saw 3 of its levels.

You collected 122 gold pieces.


Innate Abilities, Weirdness & Mutations

You are resistant to torment.
Your stone body is resilient. (AC +3)
You are immune to poison.
You resist negative energy. (rN+)
You are resistant to electric shocks. (rElec)
You can survive without breathing.
You are immune to petrification.
You are immune to rotting.


   Skills:
 - Level 3.2 Fighting
 + Level 4.5 Axes
 - Level 3.2 Armour
 - Level 3.2 Shields


You had 3 spell levels left.
You didn't know any spells.

Inventory:

Hand Weapons
 e - a +0 whip
 Y - a +1 war axe (weapon)
Missiles
 o - 8 javelins (quivered)
Armour
 b - a +0 scale mail (worn)
 c - a +0 shield (worn)
 q - a +0 chain mail
Scrolls
 a - 2 scrolls of identify
 h - 2 scrolls of blinking {unknown}
 k - a scroll of remove curse
 l - a scroll of fog {unknown}
 r - a scroll of teleportation {unknown}
Potions
 d - a potion of might
 i - a potion of invisibility {unknown}
 j - 2 potions of cancellation
 m - a potion of mutation
 n - a potion of haste
 p - 2 potions of berserk rage {unknown}
 s - a potion of resistance {unknown}
Comestibles
 f - 9 rations
 g - 3 chunks of flesh

Dungeon Overview and Level Annotations

Branches:
Dungeon (3/15)

Altars:
Gozag
Nemelex Xobeh

Annotations:
D:3 Neles's ghost, weakling FeBe; Purgy


Message History

Purgy bites you. Purgy claws you but does no damage. Purgy claws you.
Neles's ghost hits you.
Your shield and scale mail prevent you from hitting Purgy.
Purgy is moderately wounded.
You slash Neles's ghost! Purgy bites you. Purgy barely misses you.
You block Purgy's attack.
Neles's ghost hits you but does no damage.
Purgy bites you. Purgy claws you but does no damage. Purgy claws you.
You miss Neles's ghost.
Neles's ghost is heavily damaged.
You miss Purgy. Neles's ghost closely misses you.
Purgy bites you but does no damage. Purgy claws you but does no damage.
Purgy barely misses you.
You closely miss Neles's ghost.
Neles's ghost is heavily damaged.
You slash Purgy! You block Neles's ghost's attack.
Purgy pleads, "Don't hit me!"
Purgy bites you.
You die...

#.### ###......# #. #.# #......#
#. #.# ###.##.# #. #######.#
###.##.# #. .....##.# ##.#.##.#
#. .###.##.### ##...)##.######.
.# #......# #...............
.###..###.#########...#####.#####
......# #......W@......# #.#
#####.###.#.#####T#....# #.#
#.....#.# #.#....# #.# ###.###.#
#.#.#..# #.. #.# #.# .#(.<.# ###
#.# #># .##.. #.# #.# .# #.# #.#
.# #.# #.#


You could see Purgy and Neles's ghost.

Vanquished Creatures
  2 adders
  An ooze (D:1)
  A worm (D:3)
  4 dart slugs
  5 leopard geckos
  3 giant cockroaches
  8 goblins
  4 hobgoblins
  5 jackals
  13 kobolds
  A quokka (D:2)
  A ball python (D:2)
  10 bats
  7 frilled lizards
  6 rats
71 creatures vanquished.

Notes
Turn   | Place    | Note
-------+----------+-------------------------------------------
     0 | D:1      | KleinerIrrer the Gargoyle Fighter began the quest for the Orb.
     0 | D:1      | Reached XP level 1. HP: 14/14 MP: 1/1
     0 | D:1      | 0 ||| counter = 13
     4 | D:1      | Reached skill level 2 in Axes
    44 | D:1      | Reached XP level 2. HP: 18/19 MP: 2/2
   241 | D:1      | Reached skill level 3 in Axes
   338 | D:1      | Reached XP level 3. HP: 23/23 MP: 3/3
   847 | D:1      | 847 ||| READING 3 scrolls labeled GESKAVV GUDIUNT.
   848 | D:1      | 848 ||| READING scroll labeled TIF WITOZIO.
   849 | D:1      | 849 ||| READING scroll labeled XATYFI SUJO.
  1060 | D:2      | Found a sparkling altar of Nemelex Xobeh.
  1061 | D:2      | Found an opulent altar of Gozag.
  1424 | D:2      | Reached XP level 4. HP: 28/28 MP: 4/4
  1579 | D:2      | Found a faded altar of an unknown god.
  1643 | D:2      | Reached skill level 4 in Axes
  1678 | D:2      | 1678 ||| READING scroll labeled MILATSU FAGIC.
  1679 | D:2      | 1679 ||| READING scroll labeled KONOMU DEDI.
  1680 | D:2      | 1680 ||| READING scroll labeled CABRUE YT DYIZ.
  1681 | D:2      | 1681 ||| READING scroll labeled BEUCLAI TOTOK.
  1682 | D:2      | 1682 ||| READING scroll labeled ZUBAET UKAREE.
  1683 | D:2      | 1683 ||| DRINKING 3 fuming silvery potions.
  1684 | D:2      | 1684 ||| READING 4 scrolls of identify.
  1684 | D:2      | 1684 ||| IDENTIFYING metallic cyan potion
  1685 | D:2      | 1685 ||| READING 3 scrolls of identify.
  1685 | D:2      | 1685 ||| IDENTIFYING pink potion
  1767 | D:3      | 1767 ||| STAIRDANCE
  1818 | D:3      | 1818 ||| STAIRDANCE
  1912 | D:3      | 1912 ||| UPGRADING to whip.
  1913 | D:3      | 1913 ||| SWAPPING to +1 war axe.
  2201 | D:3      | Noticed Purgy
  2208 | D:3      | Noticed Neles's ghost (weakling FeBe)
  2255 | D:3      | HP: 4/28 [Purgy (4)]
  2255 | D:3      | HP: 1/28 [Purgy (3)]
  2257 | D:3      | Slain by Purgy

Vault maps used:
D:1:      saegor_arrival_simple_b
D:2:      minmay_diamond_boxcup, grunt_temple_overflow_opulence,
          chequers_ecumenical_altar_lobes
D:3:      minmay_joined_circles, uniq_robin, uniq_ijyb, uniq_purgy

Skill      XL: |  1  2  3  4 |
---------------+-------------+-----
Axes           | 2 3 4 |  4.5
Fighting       | |  3.2
Armour         | |  3.2
Shields        | |  3.2

Action                   |  1- 3 |  4- 6 || total
-------------------------+-------+-------++-------
Melee: War axe           |   136 |   106 ||   242
Throw: Javelin           |       |     4 ||     4
  Use: Scroll            |     3 |     7 ||    10
       Potion            |       |     1 ||     1
  Eat: Chunk             |     2 |     3 ||     5
Armor: Scale mail        |    70 |    49 ||   119
Dodge: Dodged            |    55 |    33 ||    88
Block: Shield            |    85 |    65 ||   150

Table legend:
 A = Spawn XP
 B = Non-spawn XP
 C = Spawn XP percentage of total XP
 D = Spawn monster count
 E = Non-spawn monster count
 F = Spawn count percentage of total count
 G = Total turns spent on level
                    A         B        C        D         E        F      G
               +---------+---------+-------+---------+---------+-------+---------
         Total |       0 |     159 |   0.0 |       0 |      71 |   0.0 |  2257
               +---------+---------+-------+---------+---------+-------+---------
           D:1 |       0 |      40 |   0.0 |       0 |      18 |   0.0 |   877
           D:2 |       0 |      66 |   0.0 |       0 |      34 |   0.0 |   893
           D:3 |       0 |      53 |   0.0 |       0 |      19 |   0.0 |   487
               +---------+---------+-------+---------+---------+-------+---------
